 Dungeon Crawl Stone Soup version 0.21-a0-270-g8204059 (webtiles) character file.

4 tidbits the Insei (level 1, -1/15 HPs)
             Began as a Demigod Transmuter on Sept 13, 2017.
             Slain by a jackal (2 damage)
             ... on level 1 of the Dungeon.
             The game lasted 00:00:47 (98 turns).

tidbits the Insei (Demigod Transmuter)                Turns: 98, Time: 00:00:48

Health: -1/15      AC:  2    Str: 13    XL:     1   Next: 46%
Magic:  4/6        EV: 12    Int: 17    God:
Gold:   7          SH:  0    Dex: 16    Spells: 3/4 levels left

rFire    . . .     SeeInvis .     - Unarmed
rCold    . . .     Gourm    .   (no shield)
rNeg     . . .     Faith    .   b - +0 robe
rPois    .         Spirit   .   (no helmet)
rElec    .         Reflect  .   (no cloak)
rCorr    .         Harm     .   (no gloves)
MR       .....                  (no boots)
Stlth    +.........             (no amulet)
HPRegen  0.05/turn              (no ring)
MPRegen  0.10/turn              (no ring)

@: appendage (expiring)
A: horns 2, high mp 1
a: End Transformation


You were on level 1 of the Dungeon.
You were not hungry.
You had grown temporary horns.
You visited 1 branch of the dungeon, and saw 1 of its levels.

You collected 7 gold pieces.

Inventory:

Missiles
 a - 12 arrows
 e - 18 stones (quivered)
 f - 20 sling bullets
Armour
 b - a +0 robe (worn)
Scrolls
 g - a scroll of magic mapping {unknown}
 h - a scroll of teleportation {unknown}
Books
 c - a book of Changes

   Spells                             Type                      Level
   a - Beastly Appendage              Transmutation                1
   b - Sticks to Snakes               Transmutation                2
   c - Spider Form                    Transmutation/Poison         3
   d - Ice Form                       Ice/Transmutation            4
   e - Blade Hands                    Transmutation                5
Comestibles
 d - a bread ration


   Skills:
 - Level 0.8 Fighting
 - Level 1.7 Dodging
 - Level 2.6 Unarmed Combat
 + Level 2.1 Spellcasting
 - Level 1.7 Transmutations


You had 3 spell levels left.
You knew the following spells:

 Your Spells              Type           Power        Failure   Level  Hunger
e - Beastly Appendage     Tmut           #.....       10%         1    #......


Dungeon Overview and Level Annotations

Branches:
Dungeon (1/15)


Innate Abilities, Weirdness & Mutations

You have an increased reservoir of magic. (+10% MP)
You have a pair of horns on your head.


Message History

Welcome, tidbits the Demigod Transmuter.
It is said that the Orb of Zot exists deep within this dungeon.
Press ? for a list of commands and other information.
Found 20 sling bullets, 18 stones and 5 gold pieces.
Found a staircase leading out of the dungeon.
You now have 5 gold pieces.
There is a staircase leading out of the dungeon here.
You see here 18 stones.
e - 18 stones You see here 20 sling bullets.
f - 20 sling bullets A rat comes into view.
Throwing (i - inventory):
e - 18 stones (quivered)
Press: ? - help, Shift-Dir - straight line, f - rat
Aim: a rat (resting)
You throw a stone. The stone hits the rat.
The rat is heavily wounded.
Throwing (i - inventory):
e - 17 stones (quivered)
Press: ? - help, Shift-Dir - straight line, f/p - rat
Aim: a rat (heavily wounded)
You throw a stone. The stone hits the rat.
You kill the rat!
Found a scroll labeled CUMNIYK JOQU.
A kobold comes into view.
The kobold shouts!
Throwing (i - inventory):
e - 16 stones (quivered)
Press: ? - help, Shift-Dir - straight line, f - kobold
Aim: a kobold You throw a stone.
The stone hits the kobold but does no damage.
Casting: Beastly Appendage
Confirm with . or Enter, or press ? or * to list all spells.
You grow a pair of large bovine horns.
You hit the kobold.
You kill the kobold!
e - 16 stones (gained 1)
e - 17 stones (gained 1)
Your transformation is almost over.
You see here a kobold corpse.
e - 18 stones (gained 1)
Found a scroll labeled ROFFEN JOAGAGG.
Your horns disappear.
g - a scroll labeled CUMNIYK JOQU
h - a scroll labeled ROFFEN JOAGAGG
Found 2 gold pieces.
A jackal comes into view.
You see here 2 gold pieces.
Casting: Beastly Appendage
Confirm with . or Enter, or press ? or * to list all spells.
You grow a pair of large bovine horns.
You closely miss the jackal. You headbutt the jackal.
The jackal is heavily wounded.
The jackal closely misses you. The jackal completely misses you.
You hit the jackal but do no damage. You headbutt the jackal.
You kill the jackal!
Your Spellcasting skill increases to level 2!
Your transformation is almost over.
You now have 7 gold pieces (gained 2).
Found a short sword.
A jackal comes into view.
The jackal barks!
A jackal comes into view.
The jackal closely misses you.
You barely miss the jackal.
The jackal barks!
The jackal bites you but does no damage.
Casting: Beastly Appendage
Confirm with . or Enter, or press ? or * to list all spells.
You extend your transformation's duration.
You closely miss the jackal. The jackal bites you.
The jackal closely misses you. The jackal barely misses you.
You miss the jackal. The jackal misses you. The jackal bites you.
You closely miss the jackal. The jackal closely misses you.
The jackal bites you. x2
You hit the jackal.
You headbutt the jackal, but do no damage.
The jackal is heavily wounded.
The jackal misses you.
The jackal bites you but does no damage.
You hit the jackal.
The jackal is almost dead.
The jackal bites you.
* * * LOW HITPOINT WARNING * * *
The jackal misses you. The jackal bites you.
* * * LOW HITPOINT WARNING * * *
You hit the jackal.
You kill the jackal!
The jackal bites you but does no damage.
The jackal misses you.
You closely miss the jackal.
Your transformation is almost over.
The jackal bites you but does no damage.
You closely miss the jackal.
The jackal bites you but does no damage.
You closely miss the jackal. The jackal bites you.
* * * LOW HITPOINT WARNING * * *
The jackal bites you.
You die...

##### ##...##
##.....#######
#########......@h..).#
...............†###....
######.#.......# #
#.##.....##
###.###...## #...#
##.## ######.### ....
....##.######.###
.##............


You could see a jackal.

Vanquished Creatures
  2 jackals (D:1)
  A kobold (D:1)
  A rat (D:1)
4 creatures vanquished.

Notes
Turn   | Place    | Note
-------+----------+-------------------------------------------
     0 | D:1      | tidbits the Demigod Transmuter began the quest for the Orb.
     0 | D:1      | Reached XP level 1. HP: 15/15 MP: 5/5
    77 | D:1      | Reached skill level 2 in Spellcasting
    98 | D:1      | HP: 1/15 [jackal (2)]
    98 | D:1      | Slain by a jackal

Vault maps used:
D:1:      dpeg_arrival_pond

Skill      XL: |  1 |
---------------+----+-----
Spellcasting   | 2 |  2.1
Fighting       | |  0.8
Dodging        | |  1.7
Unarmed Combat | |  2.6
Transmutations | |  1.7

Action                   || total
-------------------------++-------
Melee: Unarmed           ||    13
       Headbutt          ||     3
Throw: Stone             ||     3
 Cast: Beastly Appendage ||     3
Armor: Robe              ||     5
Dodge: Dodged            ||    10

Table legend:
 A = Spawn XP
 B = Non-spawn XP
 C = Spawn XP percentage of total XP
 D = Spawn monster count
 E = Non-spawn monster count
 F = Spawn count percentage of total count
 G = Total turns spent on level
                    A         B        C        D         E        F      G
               +---------+---------+-------+---------+---------+-------+---------
         Total |       0 |       7 |   0.0 |       0 |       4 |   0.0 |    98
               +---------+---------+-------+---------+---------+-------+---------
           D:1 |       0 |       7 |   0.0 |       0 |       4 |   0.0 |    98
               +---------+---------+-------+---------+---------+-------+---------

Table legend:
 A = Turns spent in this place as a percentage of turns spent in the entire game.
 B = Non-inter-level travel turns spent in this place as a percentage of non-inter-level travel turns spent in the entire game.
 C = Inter-level travel turns spent in this place as a percentage of turns spent in this place.
 D = Turns resting spent in this place as a percentage of non-inter-level travel turns spent in this place.
 E = Turns spent auto-exploring this place as a percentage of non-inter-level travel turns spent in this place.
 F = Non-inter-level travel turns spent in this place divided by the number of levels of this place that you've seen.
                   A       B       C       D       E      F
               +-------+-------+-------+-------+-------+----------------------
         Total | 100.0 | 100.0 |   0.0 |   0.0 |   0.0 |  98.0
       Dungeon | 100.0 | 100.0 |   0.0 |   0.0 |   0.0 |  98.0
               +-------+-------+-------+-------+-------+----------------------

Table legend:
 A = Kills in this place as a percentage of kills in entire the game.
 B = Kills by you in this place as a percentage of kills by you in the entire game.
 C = Kills by friends in this place as a percentage of kills by friends in the entire game.
 D = Other kills in this place as a percentage of other kills in the entire game.
 E = Experience gained in this place as a percentage of experience gained in the entire game.
 F = Experience gained in this place divided by the number of levels of this place that you have seen.
                   A       B       C       D       E      F
               +-------+-------+-------+-------+-------+----------------------
         Total | 100.0 | 100.0 |   N/A |   N/A | 100.0 |   7.0
       Dungeon | 100.0 | 100.0 |   N/A |   N/A | 100.0 |   7.0
               +-------+-------+-------+-------+-------+----------------------

Vault maps used:
D:1:      dpeg_arrival_pond
